 Dungeon Crawl Stone Soup version 0.29.1-12-g30fa7ad0bf (webtiles) character file.

Game seed: 8801768120711278961

29 oldriver the Vexing (level 3, 0/18 HPs)
             Began as a Vine Stalker Arcane Marksman on Dec 30, 2022.
             Succumbed to a kobold's poison
             ... on level 2 of the Dungeon.
             The game lasted 00:01:33 (1063 turns).

oldriver the Vexing (Vine Stalker Arcane Marksman)  Turns: 1063, Time: 00:01:33

Health: 0/18       AC:  3    Str: 14    XL:     3   Next: 16%
Magic:  5/5        EV: 12    Int: 13    God:
Gold:   26         SH:  0    Dex: 14    Spells: 3/4 levels left

rFire   . . .      SeeInvis .   a - +1 sling
rCold   . . .      Faith    .   (no shield)
rNeg    . . .      Spirit   +   c - +0 robe
rPois   .          Reflect  .   f - +0 helmet
rElec   .          Harm     .   (no cloak)
rCorr   .          Rampage  .   (no gloves)
Will    .....                   (no boots)
Stlth   +.........              (no amulet)
HPRegen 0.06/turn               (no ring)
MPRegen 0.09/turn               (no ring)

@: confused, brilliant, lethally poisoned (0 -> -1), ambrosia-drunk
A: fangs 2, magic shield, antimagic bite, no potion heal 2
a: no special abilities


You were on level 2 of the Dungeon.
You visited 1 branch of the dungeon, and saw 2 of its levels.

You collected 26 gold pieces.

Inventory:

Hand Weapons
 a - a +1 sling (weapon)
 i - a +0 rapier
Missiles
 e - a throwing net
 j - 3 javelins
Armour
 c - a +0 robe (worn)
 f - a +0 helmet (worn)
Scrolls
 b - a scroll of poison
Potions
 d - a potion of might {unknown}
 g - 2 potions of brilliance


   Skills:
 + Level 1.4 Fighting
 + Level 2.1 Ranged Weapons
 - Level 1.5 Dodging
 * Level 2.5 Stealth
 - Level 1.1 Spellcasting
 - Level 3.0 Hexes


You had 3 spell levels left.
You knew the following spells:

 Your Spells              Type           Power      Damage    Failure   Level
a - Slow                  Hex            48%        N/A       9%          1

Your spell library contained the following spells:

 Spells                   Type           Power      Damage    Failure   Level
 Sublimation of Blood     Necr           1%         N/A       38%         2
 Wereblood                Tmut           1%         N/A       38%         2
 Inner Flame              Hex/Fire       6%         N/A       41%         3
 Portal Projectile        Hex/Tloc       12%        N/A       41%         3
 Lesser Beckoning         Tloc           1%         N/A       63%         3
 Cause Fear               Hex            6%         N/A       63%         4
 Passage of Golubria      Tloc           1%         N/A       95%         4
 Petrify                  Tmut/Erth      1%         N/A       95%         4
 Iron Shot                Conj/Erth      0%         9d1       100%        6
 Summon Hydra             Summ           0%         N/A       100%        7


Dungeon Overview and Level Annotations

Branches:
Dungeon (2/15)

Altars:


Innate Abilities, Weirdness & Mutations

You have extremely sharp teeth.
When hurt, damage is shared between your health and your magic reserves.
Your bite disrupts and absorbs the magic of your enemies.
Potions cannot restore your health.


Message History

The kobold throws a stone.
The stone closely misses you.
You shoot a sling bullet. The sling bullet hits the kobold.
The kobold is moderately wounded.
You shoot a sling bullet.
The sling bullet barely misses the kobold.
The kobold hits you with a +1 short sword of venom.
You shoot a sling bullet.
The sling bullet barely misses the kobold.
The kobold closely misses you.
You shoot a sling bullet.
The sling bullet barely misses the kobold.
The kobold hits you with a +1 short sword of venom. x2
You are poisoned.
You shoot a sling bullet.
The sling bullet closely misses the kobold.
You feel very sick. The kobold barely misses you.
You are too injured to fight recklessly!
You are too injured to fight recklessly!
Okay, then.
It was a potion of brilliance.
You feel clever all of a sudden.
You feel sick. The kobold closely misses you.
It was a potion of ambrosia.
You are confused.
Your system rejects the healing.
You feel invigorated.
You feel sick.
The kobold hits you with a +1 short sword of venom.
* * * LOW HITPOINT WARNING * * *
Okay, then.
You're too confused to move!
* * * LOW HITPOINT WARNING * * *
You feel sick. The kobold barely misses you.
You bump into the rock wall.
* * * LOW HITPOINT WARNING * * *
You feel sick. The kobold barely misses you.
You bump into the rock wall.
* * * LOW HITPOINT WARNING * * *
You feel sick. The kobold completely misses you.
You're too confused to move!
You die... . #...########... #..K@)...... #)##########

You could see a kobold.

Vanquished Creatures
  2 dart slugs (D:1)
  2 endoplasms (D:1)
  A giant cockroach (D:1)
  3 hobgoblins (D:1)
  3 kobolds
  2 quokkas (D:1)
  4 ball pythons (D:1)
  4 frilled lizards (D:1)
  3 rats
24 creatures vanquished.

Notes
Turn   | Place    | Note
-------+----------+-------------------------------------------
     0 | D:1      | oldriver the Vine Stalker Arcane Marksman began the quest
                  | for the Orb.
     0 | D:1      | Reached XP level 1. HP: 9/9 MP: 3/3
   102 | D:1      | Reached skill level 1 in Fighting
   111 | D:1      | Reached skill level 1 in Stealth
   293 | D:1      | Reached XP level 2. HP: 14/14 MP: 2/4
   735 | D:1      | Reached XP level 3. HP: 14/18 MP: 2/5
  1006 | D:1      | Got the Volume of the Mountains and Wanderlust
  1063 | D:2      | Succumbed to a kobold's poison

Illustrated notes

Levels and vault maps discovered:
D:1:      onia_arrival_mini_spirals, layout_loops_ring
D:2:      layout_loops_ring, hellmonk_ecumenical_altar_leap_of_faith,
          uniq_natasha

Skill      XL: |  1  2 |
---------------+-------+-----
Fighting       | 1 |  1.4
Stealth        | 1 2 |  2.5
Ranged Weapons | 2 |  2.1
Dodging        | |  1.5
Spellcasting   | |  1.1
Hexes          | |  3.0

Action                   || total
-------------------------++-------
 Fire: Sling             ||    76
 Cast: Slow              ||    14
  Use: Potion            ||     2
Armor: Robe              ||     7
Dodge: Dodged            ||    34
